 Dungeon Crawl Stone Soup version 0.29.1-12-g30fa7ad0bf (webtiles) character file.

Game seed: 10205362624856444374

837 LustLizard the Slicer (level 7, -8/54 HPs)
             Began as a Merfolk Gladiator on Jan 16, 2023.
             Was an Initiate of Jiyva.
             Mangled by an iguana (13 damage)
             ... on level 5 of the Dungeon.
             The game lasted 00:12:32 (4893 turns).

LustLizard the Slicer (Merfolk Gladiator)           Turns: 4893, Time: 00:12:32

Health: -8/54      AC:  4    Str: 15    XL:     7   Next: 99%
Magic:  7/7        EV: 13    Int:  7    God:    Jiyva [......]
Gold:   163        SH:  0    Dex: 17    Spells: 6/6 levels left

rFire   . . .      SeeInvis .   a - +0 rapier
rCold   . . .      Faith    .   (no shield)
rNeg    . . .      Spirit   .   b - +0 leather armour
rPois   .          Reflect  .   c - +0 helmet
rElec   .          Harm     .   (no cloak)
rCorr   .          Rampage  .   (no gloves)
Will    .....                   (no boots)
Stlth   ++........              (no amulet)
HPRegen 0.18/turn               (no ring)
MPRegen 0.10/turn               (no ring)

@: mighty
A: (nimble swimmer 2), mertail
a: Renounce Religion


You were on level 5 of the Dungeon.
You worshipped Jiyva.
Jiyva was noncommittal.
You visited 1 branch of the dungeon, and saw 5 of its levels.
You also visited: Sewer.

You collected 163 gold pieces.

Inventory:

Hand Weapons
 a - a +0 rapier (weapon)
Missiles
 d - 2 throwing nets (quivered)
 e - a javelin
 u - 2 poisoned darts
 w - 15 stones
Armour
 b - a +0 leather armour (worn)
 c - a +0 helmet (worn)
Scrolls
 f - a scroll of amnesia {unknown}
 g - a scroll of noise {unknown}
 i - a scroll of brand weapon {unknown}
 l - 2 scrolls of identify {unknown}
 m - 2 scrolls of teleportation {unknown}
 n - a scroll of butterflies {unknown}
 q - a scroll of torment {unknown}
 s - a scroll of fear {unknown}
Potions
 h - a potion of invisibility {unknown}
 j - 4 potions of might
 k - 2 potions of attraction {unknown}
 o - 2 potions of curing {unknown}
 p - 2 potions of resistance {unknown}
 r - a potion of lignification {unknown}
 t - 2 potions of heal wounds {unknown}
 v - a potion of mutation {unknown}
 x - a potion of magic {unknown}
 z - a potion of cancellation {unknown}


   Skills:
 - Level 4.0 Fighting
 * Level 10.1 Short Blades
 - Level 2.0 Throwing
 - Level 4.0 Dodging
 - Level 2.0 Stealth


You had 6 spell levels left.
You didn't know any spells.
Your spell library contained the following spells:

 Spells                   Type           Power      Damage    Failure   Level
 Magic Dart               Conj           0%         1d3       50%         1
 Searing Ray              Conj           0%         2d4       65%         2
 Ignite Poison            Fire/Tmut/Pois 0%         N/A       86%         3
 Mephitic Cloud           Conj/Pois/Air  0%         N/A       86%         3
 Fulminant Prism          Conj/Hex       0%         3d6       99%         4
 Freezing Cloud           Conj/Ice/Air   0%         6-21      100%        5


Dungeon Overview and Level Annotations

Branches:
Dungeon (5/15)              Sewer (visited)
 Temple: D:4-7

Altars:
Vehumet

Annotations:
D:4 3 runed translucent doors, venomsnake's ghost, novice DECj


Innate Abilities, Weirdness & Mutations

((You are very nimble when in or above water. (Stealth+, EV+, Speed+++)))
Your lower body shifts to a powerful aquatic tail in water.


Message History

The hound bites you but does no damage.
You hit the hound but do no damage.
The hound is moderately wounded.
The hound bites you.
You hit the hound.
The hound is heavily wounded.
The hound bites you but does no damage.
You completely miss the hound.
The hound is heavily wounded.
The hound completely misses you.
You hit the hound.
The hound is almost dead.
The hound bites you but does no damage.
It was a potion of might.
You feel very mighty all of a sudden. The hound bites you.
* * * LOW HITPOINT WARNING * * *
The hound bites you.
* * * LOW HITPOINT WARNING * * *
You puncture the hound!
You kill the hound!
Something hits the ice beast but does no damage.
You barely miss the iguana.
The iguana is almost dead.
The iguana bites you.
* * * LOW HITPOINT WARNING * * *
You barely miss the iguana.
The iguana is almost dead.
The quokka twitches its whiskers.
You barely miss the iguana.
The iguana is almost dead.
The iguana bites you but does no damage.
The jelly misses the quokka.
You barely miss the iguana.
The iguana is almost dead.
The iguana misses you.
The jelly closely misses the quokka.
You barely miss the iguana.
The iguana is almost dead.
The iguana bites you!
You die...

... .# # #.# .#
#. #.# .#
##.####.# .#
.....#.# .####
####..#.###.$...
#.<.......>#
#.###†#....# #.
#.####@# #. #.#
#l# #. #.# #.or#
#. #.....#YJ. ..
..###. .##.. #?
### ## ##


rY. .. . You could see an ice beast, an iguana, an orc, a quokka and a neutral
jelly (wandering) (fellow slime).

Vanquished Creatures
  An ice beast (D:4)
  A black bear (D:4)
  2 ogres (D:4)
  2 scorpions
  A gnoll bouda (D:4)
  A hound (D:5)
  3 jellies (Sewer)
  An iguana (D:4)
  2 gnolls (D:4)
  11 adders
  A river rat (Sewer)
  2 orcs (D:3)
  14 endoplasms
  13 giant cockroaches
  6 hobgoblins
  18 jackals
  3 quokkas
  10 ball pythons
  6 bats
  4 frilled lizards
  6 kobolds
  14 rats
122 creatures vanquished.

Vanquished Creatures (others)
  6 jellies (D:4)
  An iguana (D:5)
  A statue (D:4)
  A gnoll (D:4)
  3 worms (D:4)
  An orc (D:4)
  A ball python (D:4)
14 creatures vanquished.

Grand Total: 136 creatures vanquished

Notes
Turn   | Place    | Note
-------+----------+-------------------------------------------
     0 | D:1      | LustLizard the Merfolk Gladiator began the quest for the
                  | Orb.
     0 | D:1      | Reached XP level 1. HP: 16/16 MP: 1/1
   180 | D:1      | Reached skill level 4 in Short Blades
   180 | D:1      | Reached XP level 2. HP: 20/23 MP: 2/2
   223 | D:1      | Found a faded altar of an unknown god.
   298 | D:1      | Reached skill level 1 in Stealth
   615 | D:1      | Reached XP level 3. HP: 21/28 MP: 3/3
  1671 | D:2      | Reached XP level 4. HP: 34/34 MP: 4/4
  1876 | D:3      | Reached skill level 5 in Short Blades
  2110 | D:3      | Noticed a scorpion
  2117 | D:3      | Killed a scorpion
  2118 | D:3      | Reached XP level 5. HP: 41/41 MP: 5/5
  2351 | D:3      | Reached skill level 6 in Short Blades
  2702 | D:4      | Noticed a black bear
  2711 | D:4      | Noticed an ice beast
  2724 | D:4      | Killed an ice beast
  2725 | D:4      | Reached XP level 6. HP: 47/48 MP: 6/6
  2798 | D:4      | Found a glowing drain.
  2881 | Sewer    | Entered a sewer
  2915 | Sewer    | Reached skill level 7 in Short Blades
  3142 | Sewer    | Found a viscous altar of Jiyva.
  3421 | Sewer    | Became a worshipper of Jiyva Jykirr the Shapeless
  3476 | D:4      | Reached skill level 8 in Short Blades
  3628 | D:4      | Reached XP level 7. HP: 46/54 MP: 7/7
  3890 | D:4      | Found a runed translucent gate.
  3891 | D:4      | Noticed venomsnake's ghost (novice DECj)
  3891 | D:4      | Found a runed translucent gate.
  3892 | D:4      | Found a runed translucent gate.
  4042 | D:4      | Reached skill level 9 in Short Blades
  4506 | D:4      | Found a radiant altar of Vehumet.
  4837 | D:5      | Entered Level 5 of the Dungeon
  4866 | D:5      | Reached skill level 10 in Short Blades
  4893 | D:5      | Mangled by an iguana

Illustrated notes

Levels and vault maps discovered:
D:1:      beargit_arrival_diablo_church, layout_loops_ring,
          shapermc_ecumenical_altar_pompeii
D:2:      layout_rooms
D:3:      layout_loops_ring
D:4:      layout_loops_ring, vehumet_statue, gup_sewer_entry_bowl,
          biasface_ghost_orc_armoury, solitary_fountain
D:5:      layout_loops_ring, serial_shops, nicolae_shop_hallway_plus

Skill      XL: |  1  2  3  4  5  6  7 |
---------------+----------------------+-----
Short Blades   | 4 5 6 8 10 | 10.1
Stealth        | 1 2 |  2.0
Fighting       | 3 4 |  4.0
Throwing       | |  2.0
Dodging        | |  4.0

Action                   |  1- 3 |  4- 6 |  7- 9 || total
-------------------------+-------+-------+-------++-------
Melee: Rapier            |   132 |   185 |    94 ||   411
       Punch             |     1 |     1 |       ||     2
       Tailslap          |       |     7 |       ||     7
Throw: Throwing net      |       |     4 |       ||     4
       Javelin           |       |     2 |       ||     2
  Use: Potion            |       |       |     1 ||     1
 Stab: Sleeping          |     3 |    11 |     1 ||    15
       Held in net/web   |       |     2 |       ||     2
Armor: Leather armour    |    57 |    29 |    18 ||   104
Dodge: Dodged            |   129 |   117 |    47 ||   293
